 Dungeon Crawl Stone Soup version 0.25-a0-435-g4b9beb1024 (webtiles) character file.

Game seed: 10735493512705650520, levelgen mode: deterministic

1200 DerDa the Sneak (level 8, 0/36 HPs)
             Began as a Felid Air Elementalist on Jan 27, 2020.
             Was a Follower of Sif Muna.
             Slain by a bullfrog (6 damage)
             ... on level 7 of the Dungeon.
             The game lasted 00:26:41 (9847 turns).

DerDa the Sneak (Felid Air Elementalist)            Turns: 9847, Time: 00:26:41

Health: 0/36       AC:  2    Str:  4    XL:     8   Next: 21%
Magic:  5/17       EV: 21    Int: 19    God:    Sif Muna [*.....]
Gold:   325        SH:  0    Dex: 16    Spells: 8/18 levels left
                                        Lives:  0   Deaths: 2

rFire    . . .     SeeInvis +   (weapon unavailable)
rCold    . . .     Gourm    .   (shield unavailable)
rNeg     . . .     Faith    .   (armour unavailable)
rPois    .         Spirit   .   (helmet unavailable)
rElec    .         Reflect  .   (cloak unavailable)
rCorr    .         Harm     .   (gloves unavailable)
MR       +....                  (boots unavailable)
Stlth    ++++......             (no amulet)
HPRegen  0.12/turn              (no ring)
MPRegen  0.15/turn              (no ring)

@: quick
A: very small, no armour, no weapons or thrown items, stealth, claws 1, fangs 3,
see invisible, carnivore, speed 1, shaggy fur 2, slow metabolism 1, sharp paws
a: Channel Magic, Renounce Religion


You were on level 7 of the Dungeon.
You worshipped Sif Muna.
Sif Muna was aware of your devotion.
You were not hungry.

You visited 2 branches of the dungeon, and saw 9 of its levels.

You collected 325 gold pieces.

Inventory:

Jewellery
 o - an uncursed ring of protection from cold
Wands
 i - a wand of acid (5)
 j - a wand of flame (18)
 m - a wand of digging (4)
 x - a wand of disintegration (11)
Scrolls
 c - a scroll of amnesia
 d - a scroll of immolation
 f - 7 scrolls of remove curse
 h - 4 scrolls of teleportation
 n - a scroll of random uselessness {unknown}
 r - 2 scrolls of blinking {unknown}
Potions
 a - a potion of might {unknown}
 e - a potion of magic {unknown}
 g - a potion of lignification {unknown}
 k - 3 potions of degeneration {unknown}
 l - 5 potions of curing {unknown}
 p - 7 potions of flight {unknown}
 q - 2 potions of agility {unknown}
 t - a potion of invisibility {unknown}
 v - a potion of brilliance {unknown}
 w - a potion of haste {unknown}
 z - a potion of cancellation {unknown}
Comestibles
 b - 13 rations


   Skills:
 + Level 3.7 Fighting
 + Level 5.8 Dodging
 + Level 6.2 Stealth
 * Level 5.6 Spellcasting
 * Level 5.2 Conjurations
 * Level 5.9 Air Magic


You had 8 spell levels left.
You knew the following spells:

 Your Spells              Type           Power        Failure   Level  Hunger
a - Shock                 Conj/Air       ####         1%          1    None
b - Swiftness             Chrm/Air       ###.....     5%          2    None
c - Static Discharge      Conj/Air       ####....     3%          3    ##.....
d - Airstrike             Air            ####......   11%         4    ####...

Your spell library contained the following spells:

 Spells                   Type           Power        Failure   Level  Hunger
 Magic Dart               Conj           ####         1%          1    None
 Mephitic Cloud           Conj/Pois/Air  ###.....     8%          3    ##.....
 Conjure Flame            Conj/Fire      ###.....     12%         3    ##.....
 Blink                    Tloc           N/A          19%         2    None
 Call Imp                 Summ           #.......     19%         2    None
 Slow                     Hex            #.......     19%         2    None
 Lightning Bolt           Conj/Air       ####......   32%         5    #####..


Dungeon Overview and Level Annotations

Branches:
Dungeon (8/15)             Temple (1/1) D:4
   Lair: D:8-11

Altars:
Ashenzari
Cheibriados
Elyvilon
Fedhas
Gozag
Hepliaklqana
Kikubaaqudgha
Makhleb
Nemelex Xobeh
Okawaru
Qazlal
Ru
Sif Muna
Trog
Vehumet
Wu Jian
Xom
Yredelemnul
Zin
The Shining One


Innate Abilities, Weirdness & Mutations

You cannot wear armour.
You are incapable of wielding weapons or throwing items.
Your paws allow you to move quietly. (Stealth)
You have sharp claws.
You have razor-sharp teeth.
You have supernaturally acute eyesight. (SInv)
You are carnivorous and can eat meat at any time.
You cover ground quickly.
You are covered in thick fur. (AC +2)
You have a slow metabolism.
Your sharp claws are effective at attacking unaware monsters.


Message History

The bullfrog is heavily wounded.
The bullfrog misses you. x2
You barely miss the bullfrog.
The bullfrog is heavily wounded.
The bullfrog hits you.
You scratch the bullfrog but do no damage.
The bullfrog is heavily wounded.
The bullfrog completely misses you. The bullfrog closely misses you.
You scratch the bullfrog.
The bullfrog is severely wounded.
The bullfrog hits you. The bullfrog misses you.
The bullfrog closely misses you. The bullfrog hits you.
The bullfrog completely misses you. The bullfrog hits you.
* * * LOW HITPOINT WARNING * * *
The bullfrog misses you. The bullfrog hits you.
You die...

...##≈≈≈...........#
#.....≈≈...#......##
#....#≈≈####.....##
##...#≈##.#......##
.....#≈##.........##
.....####.....##...#
.(......#.........##
...).#.............##
.....#........#.@...###
................F.....#
##...............##.###
#....................#
....................##
......#..........#..#
......#....)).#..#.##
...(..#....>....####
........#####...#


You could see a bullfrog.

Vanquished Creatures
  Joseph (D:7)
  Edmund (D:6)
  2 orc warriors (D:7)
  A sky beast (D:7)
  An ice beast (D:7)
  3 ogres
  4 bullfrogs
  2 scorpions
  A hound (D:6)
  A gnoll shaman (D:7)
  2 orc priests (D:5)
  4 orc wizards
  5 iguanas
  Jessica (D:3)
  7 worker ants
  A hound skeleton (D:5)
  A worker ant zombie (D:8)
  Robin (D:3)
  3 gnolls
  8 adders
  A shadow imp (D:7)
  An ooze (D:1)
  An adder skeleton (D:6)
  A worm (D:4)
  3 dart slugs
  3 leopard geckos
  31 orcs
  2 giant cockroaches
  11 goblins
  6 hobgoblins
  8 jackals
  4 quokkas
  4 bats
  A frilled lizard (D:1)
  7 kobolds
  9 rats
143 creatures vanquished.

Notes
Turn   | Place    | Note
-------+----------+-------------------------------------------
     0 | D:1      | DerDa the Felid Air Elementalist began the quest for the
                  | Orb.
     0 | D:1      | Reached XP level 1. HP: 7/7 MP: 4/4
    60 | D:1      | Reached skill level 1 in Conjurations
   134 | D:1      | Reached XP level 2. HP: 11/11 MP: 0/6
   677 | D:1      | Reached skill level 3 in Stealth
   756 | D:1      | Reached XP level 3. HP: 10/14 MP: 3/7
  1046 | D:2      | Learned a level 2 spell: Swiftness
  1050 | D:2      | Learned a level 3 spell: Static Discharge
  1551 | D:2      | Found a stormy altar of Qazlal.
  1909 | D:3      | Reached XP level 4. HP: 10/18 MP: 2/8
  2037 | D:3      | Found a shattered altar of Ashenzari.
  2085 | D:3      | Noticed Robin
  2150 | D:3      | Killed Robin
  2411 | D:3      | Reached skill level 1 in Fighting
  2475 | D:3      | Noticed Jessica
  2479 | D:3      | Killed Jessica
  2479 | D:3      | Reached XP level 5. HP: 22/22 MP: 5/10
  2644 | D:3      | Found a snail-covered altar of Cheibriados.
  2761 | D:4      | Found a staircase to the Ecumenical Temple.
  2770 | Temple   | Entered the Ecumenical Temple
  2900 | Temple   | Became a worshipper of Sif Muna the Loreminder
  3248 | D:4      | Found a sacrificial altar of Ru.
  3943 | D:5      | Entered Level 5 of the Dungeon
  4110 | D:5      | Killed from afar by an orc wizard
  4111 | D:5      | Reached XP level 4. HP: -3/19 MP: 5/9
  4235 | D:5      | Reached XP level 5. HP: 22/22 MP: 5/10
  4670 | D:5      | Reached skill level 4 in Stealth
  5484 | D:5      | Gained mutation: You are covered in thick fur. (AC +2)
                  | [Felid growth]
  5484 | D:5      | Reached XP level 6. HP: 5/26 MP: 8/12
  6104 | D:6      | Reached * piety under Sif Muna
  6374 | D:6      | Reached XP level 7. HP: 8/30 MP: 5/13
  6840 | D:6      | Learned a level 4 spell: Airstrike
  6928 | D:6      | Noticed Edmund
  6958 | D:6      | Killed Edmund
  6958 | D:6      | Reached skill level 5 in Stealth
  7399 | D:6      | Reached XP level 8. HP: 24/34 MP: 3/15
  7655 | D:7      | Reached skill level 5 in Air Magic
  7672 | D:7      | Reached skill level 5 in Dodging
  7882 | D:7      | Reached skill level 5 in Spellcasting
  7890 | D:7      | Noticed Joseph
  8760 | D:7      | Killed Joseph
  8760 | D:7      | Reached skill level 6 in Stealth
  8760 | D:7      | Reached skill level 5 in Conjurations
  9339 | D:7      | Slain by a gnoll shaman
  9340 | D:7      | Reached XP level 7. HP: -5/31 MP: 2/16
  9366 | D:7      | Reached XP level 8. HP: 35/36 MP: 4/17
  9847 | D:7      | Slain by a bullfrog

Levels and vault maps discovered:
D:1:      scummos_arrival_star, layout_basic, minmay_rat_gold_closets
D:2:      layout_loops_corners, lemuel_doored_altar
D:3:      layout_basic, evilmike_ruin_ashenzari, cheibriados_altar_1,
          uniq_jessica, uniq_robin
D:4:      layout_gridville, kennysheep_mini, minmay_temple_entry_junction
D:5:      layout_cave_pods, first_ration
D:6:      layout_basic, uniq_edmund
D:7:      layout_cave_pools, chequers_serial_rivers_small_3, uniq_joseph
D:8:      layout_rooms, grunt_pizzeria, doesnt_xom_only_xom, uniq_grum
Temple:   nicolae_temple_elliptical

Skill      XL: |  1  2  3  4  5  6  7  8 |
---------------+-------------------------+-----
Conjurations   | 1 2 3 4 5 |  5.2
Stealth        | 3 4 5 6 |  6.2
Air Magic      | 3 4 5 |  5.9
Dodging        | 3 4 5 |  5.8
Fighting       | 1 2 3 |  3.7
Spellcasting   | 3 4 5 |  5.6

Action                   |  1- 3 |  4- 6 |  7- 9 || total
-------------------------+-------+-------+-------++-------
Melee: Unarmed           |    12 |    32 |    11 ||    55
       Bite              |     2 |     1 |     1 ||     4
 Cast: Shock             |    71 |   166 |   134 ||   371
       Static Discharge  |       |     5 |    12 ||    17
       Airstrike         |       |       |    11 ||    11
  Use: Scroll            |       |     5 |     3 ||     8
  Eat: Chunk             |    10 |     9 |     8 ||    27
Armor: Skin              |     1 |     3 |     2 ||     6
Dodge: Dodged            |    21 |    55 |    78 ||   154

Table legend:
 A = Non-vault XP
 B = Vault XP
 C = Vault XP percentage of total XP
 D = Non-vault monster count
 E = Vault monster count
 F = Vault count percentage of total count
                 A         B        C        D         E       F
            +---------+---------+-------+---------+---------+-------
      Total |    2505 |     692 |  21.6 |     123 |      20 |  14.0
            +---------+---------+-------+---------+---------+-------
        D:1 |      39 |       6 |  13.3 |      17 |       6 |  26.1
        D:2 |      33 |       0 |   0.0 |      12 |       0 |   0.0
        D:3 |      80 |      70 |  46.7 |      15 |      12 |  44.4
        D:4 |      73 |       0 |   0.0 |       4 |       0 |   0.0
        D:5 |     341 |       0 |   0.0 |      20 |       0 |   0.0
        D:6 |     687 |     171 |  19.9 |      25 |       1 |   3.8
        D:7 |    1197 |     445 |  27.1 |      23 |       1 |   4.2
        D:8 |      55 |       0 |   0.0 |       7 |       0 |   0.0
            +---------+---------+-------+---------+---------+-------
